 Dungeon Crawl Stone Soup version 0.27-a0-1149-g4505690ab0 (webtiles) character file.

Game seed: 11060428364017421239

30 Shayle the Slasher (level 3, -3/27 HPs)
             Began as a Demonspawn Warper on May 12, 2021.
             Slain by Jessica
             ... wielding a +4 spectral club
              (9 damage)
             ... on level 2 of the Dungeon.
             The game lasted 00:02:52 (1194 turns).

Shayle the Slasher (Demonspawn Warper)              Turns: 1194, Time: 00:02:52

Health: -3/27      AC:  3    Str: 12    XL:     3   Next: 5%
Magic:  6/6        EV: 11    Int: 14    God:
Gold:   57         SH:  0    Dex: 12    Spells: 6/6 levels left

rFire    . . .     SeeInvis .   a - +0 falchion
rCold    . . .     Faith    .   (no shield)
rNeg     . . .     Spirit   .   b - +0 leather armour
rPois    .         Reflect  .   (helmet restricted)
rElec    .         Harm     .   (no cloak)
rCorr    .         Rampage  .   (no gloves)
Will     .....                  (no boots)
Stlth    +.........             (no amulet)
HPRegen  0.09/turn              (no ring)
MPRegen  0.10/turn              (no ring)

@: no status effects
A: antennae 2
a: no special abilities


You were on level 2 of the Dungeon.
You visited 1 branch of the dungeon, and saw 2 of its levels.

You collected 57 gold pieces.

Inventory:

Hand Weapons
 a - a +0 falchion (weapon)
Missiles
 e - a boomerang of dispersal (quivered)
Armour
 b - a +0 leather armour (worn)
Scrolls
 d - a scroll of blinking


   Skills:
 - Level 2.2 Fighting
 + Level 3.0 Long Blades
 - Level 0.8 Throwing
 - Level 0.8 Armour
 - Level 1.7 Dodging
 - Level 2.0 Spellcasting
 - Level 2.6 Translocations


You had 6 spell levels left.
You didn't know any spells.
Your spell library contained the following spells:

 Spells                   Type           Power      Damage    Failure   Level
 Blink                    Tloc           N/A        N/A       16%         2
 Animate Skeleton         Necr           2%         N/A       30%         1
 Pain                     Necr           4%         1d4       30%         1
 Summon Small Mammal      Summ           4%         N/A       30%         1
 Gell's Gravitas          Tloc           4%         N/A       30%         3
 Lesser Beckoning         Tloc           4%         N/A       30%         3
 Teleport Other           Tloc           8%         N/A       30%         3
 Call Imp                 Summ           1%         N/A       41%         2
 Call Canine Familiar     Summ           1%         N/A       65%         3
 Summon Guardian Golem    Hex/Summ       1%         N/A       65%         3
 Vampiric Draining        Necr           0%         2d6       65%         3
 Manifold Assault         Tloc           8%         N/A       95%         5
 Animate Dead             Necr           0%         N/A       96%         4
 Summon Ice Beast         Ice/Summ       1%         N/A       96%         4
 Summon Lightning Spire   Summ/Air       1%         N/A       96%         4
 Agony                    Necr           1%         N/A       100%        5


Dungeon Overview and Level Annotations

Branches:
Dungeon (2/15)

Altars:

Shops:
D:1 *

Annotations:
D:2 Jessica


Innate Abilities, Weirdness & Mutations

You have a pair of antennae on your head.


Message History

You barely miss Jessica.
Jessica is moderately wounded.
Jessica hits you with a +4 spectral club!
Jessica barely misses you.
You riposte.
You closely miss Jessica.
Jessica is moderately wounded.
You aren't carrying any items that you can evoke.
Unknown command.
Throw: 5 boomerangs (disperse)
Press: ? - help, Q - select action Shift-Dir - straight line, f - Jessica
Aim: Jessica, wielding a +4 spectral club and wearing a +0 robe (moderately wounded, fast, 57% to hit)
You throw a boomerang of dispersal.
The boomerang of dispersal hits Jessica but does no damage.
Jessica is moderately wounded.
Jessica misses you.
You riposte.
You closely miss Jessica.
Jessica is moderately wounded.
Jessica closely misses you.
Throw: 4 boomerangs (disperse)
Press: ? - help, Q - select action Shift-Dir - straight line, f/p - Jessica
Aim: Jessica, wielding a +4 spectral club and wearing a +0 robe (moderately wounded, fast, 57% to hit)
You throw a boomerang of dispersal.
The boomerang of dispersal hits Jessica but does no damage.
Jessica is moderately wounded.
Jessica hits you with a +4 spectral club.
* * * LOW HITPOINT WARNING * * *
Jessica barely misses you.
Throw: 3 boomerangs (disperse)
Press: ? - help, Q - select action Shift-Dir - straight line, f/p - Jessica
Aim: Jessica, wielding a +4 spectral club and wearing a +0 robe (moderately wounded, fast, 57% to hit)
You throw a boomerang of dispersal.
The boomerang of dispersal barely misses Jessica.
Jessica closely misses you.
You riposte.
You hit Jessica but do no damage.
Jessica is moderately wounded.
Jessica closely misses you.
Throw: 2 boomerangs (disperse)
Press: ? - help, Q - select action Shift-Dir - straight line, f/p - Jessica
Aim: Jessica, wielding a +4 spectral club and wearing a +0 robe (moderately wounded, fast, 57% to hit)
You throw a boomerang of dispersal.
The boomerang of dispersal closely misses Jessica.
Jessica hits you with a +4 spectral club!
You die...

######
######.....#
#..<.@@?#
#...##..###
....) ...##
.###......
...####)# ##
.# .. ..


You could see Jessica (fast).

Vanquished Creatures
  2 dart slugs (D:1)
  A ball python (D:1)
  5 endoplasms (D:1)
  2 giant cockroaches (D:1)
  2 goblins (D:1)
  3 hobgoblins (D:1)
  A kobold (D:1)
  A quokka (D:1)
  3 bats (D:1)
  A frilled lizard (D:1)
  2 rats (D:1)
23 creatures vanquished.

Notes
Turn   | Place    | Note
-------+----------+-------------------------------------------
     0 | D:1      | Shayle the Demonspawn Warper began the quest for the Orb.
     0 | D:1      | Reached XP level 1. HP: 16/16 MP: 3/3
    21 | D:1      | Found Nuytetyi's Assorted Antiques.
    55 | D:1      | Reached skill level 2 in Long Blades
   201 | D:1      | Gained mutation: You have a pair of small antennae on your
                  | head. [demonic ancestry]
   201 | D:1      | Reached XP level 2. HP: 16/22 MP: 5/5
  1028 | D:1      | Found a faded altar of an unknown god.
  1044 | D:1      | Reached skill level 3 in Long Blades
  1148 | D:1      | Gained mutation: You have a pair of antennae on your head.
                  | [demonic ancestry]
  1148 | D:1      | Reached XP level 3. HP: 27/27 MP: 6/6
  1180 | D:2      | Noticed Jessica
  1194 | D:2      | Slain by Jessica

Illustrated notes

Levels and vault maps discovered:
D:1:      mrwooster_arrival_statue_3, layout_rooms, serial_shops, shop,
          chequers_ecumenical_altar_island, minmay_misc_feat_four_crosses
D:2:      layout_rooms, minmay_misc_feat_ornament, minmay_misc_feat_square,
          uniq_jessica, uniq_terence

Skill      XL: |  1  2 |
---------------+-------+-----
Long Blades    | 2 3 |  3.0
Fighting       | |  2.2
Throwing       | |  0.8
Armour         | |  0.8
Dodging        | |  1.7
Spellcasting   | |  2.0
Translocations | |  2.6

Action                   || total
-------------------------++-------
Melee: Falchion          ||    68
Throw: Boomerang         ||     4
  Use: Potion            ||     1
Armor: Leather armour    ||    14
Dodge: Dodged            ||    55
       Rpst.: Falchion   ||    24

Table legend: (Time is in decaauts)
 A = Elapsed time spent in this place.
 B = Non-inter-level travel time spent in this place.
 C = Inter-level travel time spent in this place.
 D = Time resting spent in this place.
 E = Time spent auto-exploring this place.
 F = Levels seen in this place.
 G = Mean time per level.
                   A        B        C        D        E       F      G
               +--------+--------+--------+--------+--------+-----+--------+
         Total |   1213 |   1192 |     21 |    474 |    482 |   2 |  606.5 |
       Dungeon |   1213 |   1192 |     21 |    474 |    482 |   2 |  606.5 |
               +--------+--------+--------+--------+--------+-----+--------+

Top non-repeatable levels by time:
     D:1: 1197 daAuts
     D:2: 15 daAuts
